 Dungeon Crawl Stone Soup version 0.31.0-9-g3a7656b989 (webtiles) character file.

Game seed: 3055655359226341431

1495 Curundu the Cleaver (level 8, -5/105 HPs)
             Began as a Minotaur Berserker on Jan 24, 2024.
             Was an Elder of Trog.
             Slain by a gnoll sergeant
             ... wielding a +2 spear of venom
              (11 damage)
             ... on level 6 of the Dungeon.
             The game lasted 00:15:15 (4959 turns).

Curundu the Cleaver (Minotaur Berserker)            Turns: 4959, Time: 00:15:16

Health: -5/105     AC: 15    Str: 23    XL:     8   Next: 51%
Magic:  7/7        EV:  9    Int:  4    God:    Trog [****..]
Gold:   575        SH:  0    Dex: 11    Spells: 7/7 levels left

rFire   . . .        d - +4 war axe (flame)
rCold   . . .        (no shield)
rNeg    . . .        b - +1 chain mail
rPois   .            (helmet restricted)
rElec   .            g - +0 cloak
rCorr   .            i - +2 pair of gloves
SInv    .            (no boots)
Will    ++...        (no amulet) Stlth
                     (no ring)
HPRegen 1.37/turn    (no ring)
MPRegen 0.10/turn

%: no passive effects
@: berserking, lethally poisoned (-5 -> -8), strong-willed, regenerating, very
quick
A: horns 2, retaliatory headbutt
a: Renounce Religion, Berserk, Trog's Hand, Brothers in Arms


You were on level 6 of the Dungeon.
You worshipped Trog.
Trog was greatly pleased with you.
You visited 1 branch of the dungeon, and saw 6 of its levels.
You also visited: Ossuary.

You collected 575 gold pieces.

Inventory:

Hand Weapons
 d - a +4 war axe of flaming (weapon)
Missiles
 s - 2 boomerangs (quivered)
Armour
 b - a +1 chain mail (worn)
 g - a +0 cloak (worn)
 i - a +2 pair of gloves (worn)
Jewellery
 c - a +6 ring of dexterity
Wands
 p - a wand of acid (10)
 q - a wand of charming (4)
Scrolls
 e - a scroll of enchant weapon
 h - 3 scrolls of teleportation
 k - 2 scrolls of enchant armour
 o - 4 scrolls of identify
Potions
 a - 5 potions of curing
 f - 3 potions of might
 j - 2 potions of brilliance
 l - a potion of invisibility {unknown}
 m - 5 potions of haste
 n - a potion of resistance {unknown}
 r - a potion of attraction {unknown}
 u - a potion of heal wounds {unknown}
 v - a potion of enlightenment {unknown}


   Skills:
 + Level 6.3 Fighting
 + Level 10.2 Axes
 + Level 6.5 Armour
 + Level 3.0 Dodging
 + Level 0.5 Stealth


You had 7 spell levels left.
You didn't know any spells.
Your spell library was empty.

Dungeon Overview and Level Annotations

Branches:
Dungeon (6/15)             Temple (0/1) D:6         Ossuary (visited)

Altars:
Dithmenos
Fedhas
Yredelemnul
Zin

Annotations:
D:6 1 transporter, gummybears's ghost, novice OpMo


Innate Abilities, Weirdness & Mutations

You have a pair of horns on your head.
You reflexively headbutt those who attack you in melee.


Message History

Trog accepts your kill.
You feel very sick.
The gnoll sergeant hits you but does no damage.
You are more poisoned.
The gnoll barely misses you.
You feel very sick. The gnoll hits you but does no damage.
The gnoll sergeant hits you but does no damage.
The gnoll hits you from afar with a +0 spear.
The gnoll hits you with a +0 spear.
You slash the gnoll! You burn the gnoll.
The gnoll is almost dead.
You barely miss the gnoll.
You feel very sick. The gnoll barely misses you. You furiously retaliate!
You headbutt the gnoll!
You kill the gnoll!
Trog accepts your kill.
The gnoll sergeant completely misses you.
The gnoll hits you but does no damage.
Your skin crawls.
You feel strong-willed.
You feel very sick.
The gnoll sergeant hits you but does no damage.
You are more poisoned.
The gnoll hits you from afar with a +0 spear.
* * * LOW HITPOINT WARNING * * *
A red film seems to cover your vision as you go berserk!
You feel yourself moving faster!
You feel mighty!
You feel very sick. The gnoll barely misses you.
The gnoll sergeant hits you from afar with a +2 spear of venom!
* * * LOW HITPOINT WARNING * * *
The gnoll hits you but does no damage.
You slash the gnoll! You burn the gnoll.
You kill the gnoll!
Trog accepts your kill.
You feel sick.
You feel very sick.
The gnoll sergeant hits you with a +2 spear of venom!
You die...

....##.≈≈≈≈≈≈≈≈~≈≈≈≈≈≈≈≈.#
.#...#.≈≈####.....####≈≈.#
.#.....≈≈#..#8###8#..#≈≈.#
.#..##.≈≈##.###.###.##≈≈.#
.#..##.≈≈#$..........#≈≈.#
....##.≈≈###.##'##.###≈≈.#
.##.##.≈≈..#.#...#.#..≈≈.#
.##.##.≈≈.##.'...g.##.≈≈.#
.##.##.≈≈.#..#..@#.©#.≈≈.#
.##.##.≈≈.##.##.##.##.≈≈.#
#.#.##.≈≈..#.#.))#.#.....#
##..<..~~.©#.'.©.g.#©....#
#.####.≈≈..#.#8⌠8#.#.....#
..##...≈≈.##.#####.##.≈≈.#
#†##.#.≈≈.#..# #..#.≈≈.#
#.##...≈≈.##.# .#.##.≈≈.#
#......≈≈..# # ..#.#..≈≈.#


You could see a gnoll sergeant.

Vanquished Creatures
  Duvessa (D:6)
  2 black bears
  An ogre (D:4)
  2 phantoms
  A scorpion (D:5)
  A gnoll sergeant (D:6)
  Dowan (D:6)
  A howler monkey (D:6)
  2 bombardier beetles
  A gnoll bouda (D:6)
  5 hounds
  A jelly (D:6)
  2 iguanas
  A sleepcap (D:4)
  3 orc wizards
  9 mummies
  6 gnolls
  5 adders
  3 white imps (D:6)
  2 ufetubi (D:5)
  A dart slug (D:1)
  2 ribbon worms
  10 orcs
  10 endoplasms
  2 gnoll zombies (Ossuary)
  6 hobgoblins
  2 jackals (D:4)
  7 kobolds
  8 ball pythons
  9 bats
  A frilled lizard (D:3)
  5 goblins
  3 hobgoblin zombies (Ossuary)
  3 kobold zombies (Ossuary)
  8 rats
127 creatures vanquished.

Notes
Turn   | Place    | Note
-------+----------+-------------------------------------------
     0 | D:1      | Curundu the Minotaur Berserker began the quest for the Orb.
     0 | D:1      | Reached XP level 1. HP: 19/19 MP: 0/0
   160 | D:1      | Found a faded altar of an unknown god.
   282 | D:1      | Reached XP level 2. HP: 27/27 MP: 1/1
   313 | D:1      | Reached skill level 4 in Axes
   709 | D:1      | Identified a scroll of acquirement
   709 | D:1      | Acquired a +3 war axe of flaming
   816 | D:2      | Reached XP level 3. HP: 30/33 MP: 2/2
   972 | D:2      | Reached ** piety under Trog
  1488 | D:3      | Found the sphere of Battle
  1575 | D:3      | Reached XP level 4. HP: 41/41 MP: 3/3
  1577 | D:3      | Found a glowing silver altar of Zin.
  1622 | D:3      | Reached skill level 5 in Axes
  1910 | D:3      | Reached XP level 5. HP: 42/47 MP: 4/4
  2595 | D:4      | Reached skill level 6 in Axes
  2631 | D:4      | Reached *** piety under Trog
  2669 | D:4      | Reached XP level 6. HP: 53/53 MP: 5/5
  2907 | D:4      | Reached skill level 7 in Axes
  2964 | D:4      | Reached skill level 5 in Armour
  2964 | D:4      | Reached XP level 7. HP: 52/60 MP: 6/6
  2977 | D:4      | Reached skill level 5 in Fighting
  3147 | D:4      | Reached skill level 8 in Axes
  3253 | D:5      | Entered Level 5 of the Dungeon
  3253 | D:5      | Found a shadowy altar of Dithmenos.
  3283 | D:5      | Found a sand-covered staircase.
  3292 | Ossuary  | Entered an ossuary
  3562 | D:5      | Reached **** piety under Trog
  3614 | D:5      | Reached skill level 9 in Axes
  3757 | D:5      | Reached XP level 8. HP: 69/69 MP: 7/7
  3988 | D:5      | Found a basalt altar of Yredelemnul.
  4227 | D:6      | Found a blossoming altar of Fedhas.
  4301 | D:6      | Noticed Dowan
  4301 | D:6      | Noticed Duvessa
  4309 | D:6      | Killed Dowan
  4315 | D:6      | Killed Duvessa
  4459 | D:6      | Reached skill level 10 in Axes
  4497 | D:6      | Found a staircase to the Ecumenical Temple.
  4776 | D:6      | Found a transporter.
  4780 | D:6      | Noticed gummybears's ghost (novice OpMo)
  4782 | D:6      | Found a transporter.
  4785 | D:6      | Identified the +2 spear of the Fox {pain, *Noise Will+
                  | Str+5}
  4959 | D:6      | Slain by a gnoll sergeant

Illustrated notes

Levels and vault maps discovered:
D:1:      mrwooster_arrival_statue_2, layout_loops_ring, basic_ecumenical_altar
D:2:      layout_basic
D:3:      layout_loops_cross, marbit_many_paths
D:4:      minmay_skewed_foursquare, layout_basic, minmay_close_crescents
D:5:      layout_basic, lemuel_crystal_altar, general_overflow_altar,
          gup_ossuary_entry_pyramid
D:6:      layout_loops_cross, old_standard_altar, minmay_temple_entry_tees,
          gammafunk_ghost_gnarly_gnolls, uniq_duvessa

Skill      XL: |  1  2  3  4  5  6  7  8 |
---------------+-------------------------+-----
Axes           | 4 5 6 7 9 10 | 10.2
Fighting       | 4 5 6 |  6.3
Armour         | 4 5 6 |  6.5
Dodging        | 3 |  3.0
Stealth        | |  0.5

Action                     |  1- 3 |  4- 6 |  7- 9 || total
---------------------------+-------+-------+-------++-------
  Melee: Hand axe          |    20 |       |       ||    20
         Headbutt          |     5 |    10 |    14 ||    29
         War axe           |    30 |    76 |    87 ||   193
         Punch             |       |       |     2 ||     2
 Invoke: Trog's Hand       |       |     1 |     1 ||     2
         Berserk           |       |       |     1 ||     1
    Use: Scroll            |     6 |     2 |     9 ||    17
 Armour: Animal skin       |     6 |       |       ||     6
         Chain mail        |    45 |    58 |    87 ||   190
  Dodge: Dodged            |    43 |    34 |    49 ||   126
